 Dungeon Crawl Stone Soup version 0.29.1-13-g9f3cf754e1 (webtiles) character file.

Game seed: 2745198188145824740

175234 DemonSlayer the Thaumaturge (level 17, -3/120 HPs)
             Began as a Demonspawn Earth Elementalist on Jan 29, 2023.
             Was the Champion of Cheibriados.
             Shot with an arrow by Vashnia (5 damage)
             ... on level 2 of the Snake Pit.
             The game lasted 02:08:09 (42095 turns).

DemonSlayer the Thaumaturge (DsEE)                 Turns: 42095, Time: 02:08:10

Health: -3/120     AC: 28    Str: 30    XL:     17   Next: 47%
Magic:  36/43      EV: 13    Int: 32    God:    Cheibriados [******]
Gold:   322        SH: 16    Dex: 38    Spells: 5/42 levels left

rFire   . . .      SeeInvis .   J - +6 long sword of the Heavens {vorpal, rElec Int+5 Dex+7}
rCold   + . .      Faith    .   r - +0 kite shield {rC+}
rNeg    + + .      Spirit   .   Q - +1 plate armour of Beogh {Drain rPois Slay+6 Stlth+}
rPois   +          Reflect  .   (helmet restricted)
rElec   +          Harm     .   H - +2 cloak {Stlth+}
rCorr   +          Rampage  .   D - +0 pair of gloves
Will    .....                   v - +1 pair of boots
Stlth   ++++......              T - amulet of Wasy {+Inv Will- Regen+ MP+9}
HPRegen 1.10/turn               B - ring of Powap {rElec rN++ rCorr AC+4 Int-4}
MPRegen 0.28/turn               U - ring of resist corrosion

@: about to teleport, marked, weakened, slowed, studying 3 skills, very slow
A: antennae 2, icy blue scales 2, icemail 1, condensation shield, demonic magic
3, bedeviling
a: Renounce Religion, Evoke Invisibility, Bend Time, Temporal Distortion,
Slouch, Step From Time


You were on level 2 of the Snake Pit.
You worshipped Cheibriados.
Cheibriados was exalted by your worship.
You visited 6 branches of the dungeon, and saw 27 of its levels.
You visited the Abyss 2 times.
You visited 1 bazaar.
You also visited: Bailey, Gauntlet and Ice Cave.

You collected 3256 gold pieces.
You spent 2934 gold pieces at shops.

Inventory:

Hand Weapons
 J - the +6 long sword of the Heavens (weapon) {vorpal, rElec Int+5 Dex+7}
   (You bought it in a shop on level 12 of the Dungeon)

   It inflicts extra damage upon your enemies.
   Int:       It affects your intelligence (+5).
   Dex:       It affects your dexterity (+7).
   rElec:     It insulates you from electricity.
Missiles
 h - a throwing net
 y - 2 curare-tipped darts
 L - 3 silver javelins
Armour
 r - a +0 kite shield of cold resistance (worn)
 v - a +1 pair of boots (worn)
 D - a +0 pair of gloves (worn)
 H - a +2 cloak of stealth (worn)
 Q - the +1 plate armour of Beogh (worn) {Drain rPois Slay+6 Stlth+}
   (You acquired it on level 4 of the Lair of Beasts)

   Slay:      It affects your accuracy & damage with ranged weapons and melee
   (+6).
   rPois:     It protects you from poison.
   Drain:     It drains your maximum health when unequipped.
   Stlth:     It makes you more stealthy.
Jewellery
 j - a ring of flight
 B - the ring of Powap (left hand) {rElec rN++ rCorr AC+4 Int-4}
   (You acquired it on level 4 of the Lair of Beasts)

   [ring of protection]

   AC:        It affects your AC (+4).
   Int:       It affects your intelligence (-4).
   rElec:     It insulates you from electricity.
   rN:        It greatly protects you from negative energy.
   rCorr:     It protects you from acid and corrosion.
 C - a ring of poison resistance
 R - a ring of protection from cold
 T - the amulet of Wasy (around neck) {+Inv Will- Regen+ MP+9}
   (You found it in an ice cave)

   [amulet of regeneration]

   MP:        It affects your magic capacity (+9).
   +Inv:      It lets you turn invisible.
   Regen:     It increases your rate of health regeneration.
   Will:      It decreases your willpower.
 U - a ring of resist corrosion (right hand)
Wands
 b - a wand of digging (7)
 m - a wand of roots (10)
 p - a wand of mindburst (7)
 E - a wand of paralysis (12)
 K - a wand of flame (21)
Scrolls
 d - 4 scrolls of amnesia
 g - 3 scrolls of vulnerability
 i - a scroll of enchant armour
 o - 3 scrolls of immolation
 z - 2 scrolls of poison
 I - 5 scrolls of teleportation
 M - a scroll of silence
 P - a scroll of magic mapping
 S - a scroll of summoning
Potions
 a - 8 potions of curing
 c - 5 potions of flight
 e - 9 potions of attraction
 l - 4 potions of mutation
 u - 3 potions of cancellation
 A - 10 potions of lignification
 O - a potion of brilliance
Miscellaneous
 q - a lightning rod (4/4)
 s - a phial of floods
 N - a box of beasts


   Skills:
 + Level 7.4 Fighting
 + Level 1.3(4.4) Short Blades
 + Level 6.7(6.8) Long Blades
 + Level 5.5(7.4) Axes
 + Level 7.6(8.4) Maces & Flails
 + Level 1.1 Throwing
 + Level 8.0 Armour
 + Level 6.2 Dodging
 + Level 10.2 Stealth
 + Level 9.1 Shields
 + Level 13.2 Spellcasting
 + Level 12.4 Conjurations
 + Level 1.1 Transmutations
 + Level 0.3 Air Magic
 + Level 13.1 Earth Magic
 + Level 0.1 Poison Magic
 + Level 0.6 Evocations


You had 5 spell levels left.
You knew the following spells:

 Your Spells              Type           Power      Damage    Failure   Level
a - Sandblast             Erth           100%       2d20      1%          1
b - Stone Arrow           Conj/Erth      100%       3d13      1%          3
c - Call Canine Familiar  Summ           21%        N/A       77%         3
d - Petrify               Tmut/Erth      61%        N/A       22%         4
e - Olgreb's Toxic Radia  Pois           22%        N/A       98%         4
f - Mephitic Cloud        Conj/Pois/Air  48%        N/A       22%         3
g - Summon Guardian Gole  Hex/Summ       31%        N/A       77%         3
h - Leda's Liquefaction   Hex/Erth       38%        N/A       28%         4
i - Fireball              Conj/Fire      28%        3d12      65%         5
j - Passwall              Tmut/Erth      50%        N/A       3%          2
k - Lightning Bolt        Conj/Air       29%        1d45      63%         5

Your spell library contained the following spells:

 Spells                   Type           Power      Damage    Failure   Level
 Magic Dart               Conj           100%       1d8       1%          1
 Lee's Rapid Deconstruct  Erth           40%        3d21*     5%          5
 Beastly Appendage        Tmut           56%        N/A       26%         1
 Sting                    Tmut/Pois      100%       1d8       32%         1
 Wereblood                Tmut           28%        N/A       36%         2
 Apportation              Tloc           42%        N/A       38%         1
 Necrotise                Necr           84%        1d8       38%         1
 Summon Small Mammal      Summ           84%        N/A       38%         1
 Poisonous Vapours        Pois/Air       44%        N/A       50%         2
 Call Imp                 Summ           21%        N/A       54%         2
 Ensorcelled Hibernation  Hex/Ice        62%        N/A       54%         2
 Spider Form              Tmut/Pois      25%        N/A       67%         3
 Swiftness                Air            23%        N/A       73%         3
 Portal Projectile        Hex/Tloc       62%        N/A       77%         3
 Airstrike                Air            11%        2d(2-18)  98%         4
 Summon Lightning Spire   Summ/Air       22%        N/A       98%         4
 Statue Form              Tmut/Erth      40%        N/A       98%         6
 Starburst                Conj/Fire      28%        6d9       99%         6
 Borgnjor's Revivificati  Necr           10%        N/A       100%        8
 Ignition                 Fire           10%        3d5       100%        8
 Necromutation            Tmut/Necr      12%        N/A       100%        8
 Death's Door             Necr           10%        N/A       100%        9


Dungeon Overview and Level Annotations

Branches:
Dungeon (15/15)            Temple (1/1) D:4            Lair (5/5) D:10
  Swamp (0/4) Lair:3        Snake (2/4) Lair:3        Slime (0/5) Lair:5
    Orc (2/2) D:12            Elf (2/3) Orc:2        Vaults (0/5) D:13
 Depths (0/4) D:15         Bailey (visited)           IceCv (visited)
Gauntlet (visited)

Altars:
Ashenzari
Cheibriados
Dithmenos
Fedhas
Hepliaklqana
Okawaru
Uskayaw
Vehumet
Wu Jian
Xom

Shops:
D:2 (   D:7 *   D:12 [(   Orc:1 *   Orc:2 *?*(?   Elf:1 [

Portals:
Trove: D:10 (give horn of Geryon)

Annotations:
D:12 2 runed translucent doors
D:15 2 transporters, Whoops's ghost, journeyman FoFi
Snake:2 Louise; Vashnia


Innate Abilities, Weirdness & Mutations

You have a pair of antennae on your head.
You are mostly covered in icy blue scales. (AC +3)
A meltable icy envelope protects you from harm. (AC +0)
A meltable shield of frost defends you. (SH +0)
Spells you cast and wands you use may paralyse nearby enemies.
Your hexes are more powerful.


Message History

You block the black mamba's attack. x2; The black mamba barely misses you.
The salamander hits you from afar with a +2 halberd.
You are engulfed in flames!
You block the black mamba's attack. The black mamba bites you.
The salamander misses you.
Vashnia unwields a +2 trident of flaming.
It stops flaming.
Vashnia wields a +2 vorpal longbow.
Vashnia mumbles some strange words.
Vashnia magically shoots an arrow.
The arrow hits you.
The salamander tyrant gazes fiercely through you!
You feel as though you will be weak longer.
The naga sharpshooter moves out of view.
A naga mage comes into view. It is wielding a +0 whip.
Unknown command.
Unknown command.
Unknown command.
Unknown command.
You feel better.
The naga no longer looks unusually strong.
The naga mage no longer looks unusually strong.
The naga warrior seems to regain its courage.
You block the black mamba's attack. x4
The salamander hits you from afar with a +2 halberd!
* * * LOW HITPOINT WARNING * * *
You are engulfed in flames!
* * * LOW HITPOINT WARNING * * *
The black mamba bites you but does no damage. x2
The salamander completely misses you.
The salamander hits you but does no damage.
The guardian serpent closely misses you.
The naga sharpshooter casts a spell.
The naga sharpshooter magically shoots a bolt.
The bolt hits you.
* * * LOW HITPOINT WARNING * * *
The salamander tyrant gazes fiercely through you!
You feel as though you will be weak longer.
The salamander tyrant hits you but does no damage.
Vashnia gestures wildly while chanting.
Vashnia magically shoots an arrow.
The arrow hits you!!
* * * LOW HITPOINT WARNING * * *
You die...

. ... .......
...S.## #........
$...... ../.......
.......###......N..
.....#N.##...S.....
S..S..............#
#.##.N...@.....#
#.....S..N.....#
#....##.S@N.......
....$..###SSN.N.#.
.####.....NNN.#N..?
###.N#N......N.
##.#..N#####N #
..... #.N..##
..N..# ##..###


You could see Vashnia, Louise, a naga warrior, 4 naga sharpshooters, a
salamander tyrant, 4 salamanders, 2 naga ritualists, a guardian serpent, 5 black
mambas, 2 naga magi and 2 nagas.

Vanquished Creatures
  2 tentacled monstrosities
  Jorgrun (D:15)
  2 tentacled starspawn (Abyss:3)
  2 thorn hunters (Snake:1)
  Roxanne (D:15)
  Agnes (D:15)
  A fire giant (D:15)
  An orc warlord (Orc:1)
  A balrug (Abyss:3)
  A deep elf sorcerer (Elf:2)
  A cacodemon (Abyss:3)
  A white draconian (IceCv)
  3 entropy weavers (Lair:3)
  3 deep elf demonologists
  A minotaur (Gauntlet)
  A spriggan zombie (Abyss:3)
  The ghost of Villanelle the Thaumaturge, a journeyman DrFE of Vehumet (Lair:1)
  A rakshasa (D:14)
  8 vault guards (D:13)
  7 hydras
  An ogre mage (D:15)
  Erolcha (D:9)
  3 boulder beetles
  4 ghost crabs (Lair:3)
  3 catoblepae
  7 centaur warriors
  2 anacondas (Snake:1)
  7 two-headed ogres
  Erica (D:9)
  A merfolk avatar (Lair:5)
  2 alligators (Snake:1)
  2 naga warriors (Snake:1)
  12 death yaks
  4 dancing weapons
  A shock serpent (Snake:2)
  An orc high priest (Orc:2)
  4 sun demons (Abyss:3)
  A hell knight (D:15)
  4 deep elf knights
  A wretched star (Abyss:3)
  2 sixfirhies
  4 skeletal warriors
  2 sea snakes (Lair:5)
  5 large abominations
  5 fire crabs (Lair:3)
  A glowing orange brain (D:15)
  4 swamp dragons (Snake:1)
  2 goliath frogs (Snake:1)
  7 deep elf archers
  11 deep elf pyromancers
  Pikel (D:6)
  12 ugly things
  5 orc knights
  5 orc sorcerers
  11 deep elf zephyrmancers
  2 salamanders (Snake:1)
  A harpy (Lair:5)
  2 mana vipers (Snake:1)
  A wolf spider (Lair:3)
  4 cyclopes
  2 oklob plants
  A manticore (Lair:5)
  Maurice (D:8)
  12 elephants
  2 ice statues (IceCv)
  14 black mambas
  An apocalypse crab (Lair:3)
  Joseph (D:8)
  Maggie (D:6)
  15 cane toads
  2 naga magi (Snake:1)
  A kobold demonologist (D:12)
  3 yaktaurs (D:12)
  3 unseen horrors
  6 rime drakes
  An efreet (D:12)
  13 komodo dragons
  An anaconda simulacrum (Abyss:3)
  12 trolls
  A polar bear (shapeshifter) (D:13)
  2 meliai (D:15)
  2 hornets (Lair:5)
  Grinder (D:6)
  A snapping turtle (Lair:5)
  5 polar bears
  A blink frog (shapeshifter) (D:14)
  Prince Ribbit (D:7)
  10 dream sheep
  12 blink frogs
  8 raiju (Abyss:3)
  Sigmund (D:3)
  A centaur simulacrum (D:15)
  A shadow (D:10)
  4 water elementals
  A ynoxinul (Abyss:3)
  3 wraiths
  47 yaks
  4 wyverns
  2 basilisks
  A chaos spawn (Abyss:3)
  A fire elemental (Elf:1)
  A basilisk (shapeshifter) (D:12)
  5 steam dragons
  A swamp worm (shapeshifter) (D:14)
  9 vampire mosquitoes
  Edmund (D:5)
  4 wargs
  6 small abominations
  4 swamp worms (Snake:1)
  5 nagas
  6 acid dragons
  Duvessa (D:4)
  7 water moccasins
  2 swamp drakes (Snake:1)
  24 orc warriors
  A sky beast (D:7)
  2 black bears (D:5)
  A black bear (shapeshifter) (D:15)
  A hornet zombie (D:7)
  5 ogres
  25 wolves
  A boggart (Gauntlet)
  11 centaurs
  2 lemures (D:6)
  3 kobold brigands
  2 earth elementals
  7 bullfrogs
  2 gnoll sergeants
  A scorpion (D:7)
  9 wights
  Dowan (D:4)
  12 killer bees
  3 lindwurm simulacra (IceCv)
  7 electric eels
  A howler monkey (D:12)
  2 centaur zombies (D:7)
  6 komodo dragon simulacra (IceCv)
  11 orc priests
  7 hounds
  A jelly (D:5)
  2 iguanas
  Ijyb (D:3)
  A hell rat (D:10)
  38 orc wizards
  A killer bee zombie (D:7)
  A howler monkey zombie (D:7)
  25 gnolls
  11 adders
  6 acid dragon simulacra (IceCv)
  A river rat (D:10)
  A shadow imp (D:5)
  12 white imps (Orc:2)
  3 ufetubi
  6 steam dragon simulacra (IceCv)
  A worm (D:5)
  3 dart slugs
  67 orcs
  5 ball pythons
  10 endoplasms
  5 giant cockroaches
  5 goblins
  6 hobgoblins
  4 jackals (D:4)
  21 kobolds
  4 quokkas (D:10)
  5 bats
  3 frilled lizards
  14 rats
  2 starspawn tentacles (Abyss:3)
855 creatures vanquished.

Vanquished Creatures (collateral kills)
  An orc warrior (D:12)
1 creature vanquished.

Vanquished Creatures (others)
  2 deep elf knights (Elf:2)
  A shadow (D:12)
  An orc wizard (Orc:1)
  A kobold (D:7)
  22 fungi
  80 plants
  6 starspawn tentacles (Abyss:3)
  4 withered plants (D:7)
117 creatures vanquished.

Grand Total: 973 creatures vanquished

Notes
Turn   | Place    | Note
-------+----------+-------------------------------------------
     0 | D:1      | DemonSlayer the Demonspawn Earth Elementalist began the
                  | quest for the Orb.
     0 | D:1      | Reached XP level 1. HP: 13/13 MP: 3/3
   165 | D:1      | Gained mutation: You have a pair of small antennae on your
                  | head. [demonic ancestry]
   165 | D:1      | Reached XP level 2. HP: 18/19 MP: 0/5
  1573 | D:2      | Reached XP level 3. HP: 24/24 MP: 4/6
  1895 | D:2      | Found Zeezod's Antique Weapon Shoppe.
  2144 | D:2      | Learned a level 3 spell: Stone Arrow
  2148 | D:2      | Learned a level 3 spell: Call Canine Familiar
  2348 | D:2      | Reached XP level 4. HP: 30/30 MP: 5/8
  2434 | D:3      | Noticed Sigmund
  2754 | D:3      | Killed Sigmund
  2755 | D:3      | Gained mutation: You are partially covered in icy blue
                  | scales. (AC +2) [demonic ancestry]
  2755 | D:3      | Reached XP level 5. HP: 36/36 MP: 2/11
  3073 | D:3      | Found a faded altar of an unknown god.
  3333 | D:3      | Noticed Ijyb
  3339 | D:3      | Killed Ijyb
  3340 | D:3      | Reached XP level 6. HP: 10/42 MP: 3/12
  4115 | D:3      | Learned a level 4 spell: Petrify
  4181 | D:4      | Reached skill level 1 in Conjurations
  4772 | D:4      | Noticed Duvessa
  4772 | D:4      | Noticed Dowan
  4809 | D:4      | Killed Duvessa
  4814 | D:4      | Killed Dowan
  4815 | D:4      | Reached skill level 5 in Earth Magic
  4815 | D:4      | Reached XP level 7. HP: 38/47 MP: 1/14
  5055 | D:4      | Found a staircase to the Ecumenical Temple.
  5242 | Temple   | Entered the Ecumenical Temple
  5292 | Temple   | Became a worshipper of Cheibriados the Contemplative
  5601 | D:4      | Learned a level 4 spell: Olgreb's Toxic Radiance
  5609 | D:5      | Entered Level 5 of the Dungeon
  5614 | D:5      | Found a hazy altar of Hepliaklqana.
  5638 | D:5      | Found a shimmering altar of Xom.
  5648 | D:5      | Reached skill level 5 in Spellcasting
  6858 | D:5      | Gained mutation: You are mostly covered in icy blue scales.
                  | (AC +3) [demonic ancestry]
  6858 | D:5      | Reached XP level 8. HP: 53/53 MP: 7/16
  7278 | D:5      | Reached * piety under Cheibriados
  7566 | D:5      | Learned a level 3 spell: Mephitic Cloud
  7958 | D:6      | Noticed Edmund
  7969 | D:6      | Noticed Maggie
  7974 | D:6      | Noticed Pikel
  8011 | D:5      | Killed Edmund
  8296 | D:6      | Killed Maggie
  8297 | D:6      | Reached skill level 1 in Short Blades
  8818 | D:6      | Noticed Grinder
  8941 | D:6      | Gained mutation: A meltable shield of frost defends you.
                  | (SH +0) [demonic ancestry]
  8941 | D:6      | Reached XP level 9. HP: 52/58 MP: 11/19
  9248 | D:6      | Paralysed by Grinder for 3 turns
  9253 | D:6      | Killed Grinder
  9254 | D:6      | Reached skill level 1 in Fighting
  9600 | D:6      | Killed Pikel
  9732 | D:6      | Learned a level 3 spell: Summon Guardian Golem
  9765 | D:7      | Reached ** piety under Cheibriados
  9810 | D:7      | Reached skill level 1 in Axes
  9972 | D:7      | Noticed Prince Ribbit
  9981 | D:7      | Killed Prince Ribbit
 10366 | D:7      | Reached skill level 5 in Conjurations
 10525 | D:7      | Found a shadowy altar of Dithmenos.
 10561 | D:7      | Found Rysy's Gadget Gallery.
 10705 | D:7      | Noticed a two-headed ogre
 10710 | D:7      | Reached XP level 10. HP: 58/67 MP: 12/21
 10927 | D:7      | Reached *** piety under Cheibriados
 10999 | D:7      | Killed a two-headed ogre
 11000 | D:7      | Reached skill level 1 in Shields
 11250 | D:8      | Noticed Maurice
 11267 | D:8      | Killed Maurice
 11268 | D:8      | Reached skill level 5 in Stealth
 11958 | D:8      | Noticed Joseph
 11966 | D:8      | Killed Joseph
 12379 | D:8      | Reached **** piety under Cheibriados
 12846 | D:9      | Noticed a two-headed ogre
 12899 | D:9      | Found a flagged portal.
 12907 | Bailey   | Entered a bailey
 13321 | Bailey   | Noticed an orc knight
 13328 | Bailey   | Killed an orc knight
 13329 | Bailey   | Reached skill level 1 in Transmutations
 13641 | D:9      | Noticed Erica
 13831 | D:9      | Killed a two-headed ogre
 13873 | D:9      | Gained mutation: Spells you cast may paralyse adjacent
                  | enemies. [demonic ancestry]
 13873 | D:9      | Reached XP level 11. HP: 46/73 MP: 2/23
 14093 | D:9      | Noticed a two-headed ogre
 14098 | D:9      | Killed a two-headed ogre
 14563 | D:9      | Killed Erica
 14563 | D:9      | Reached ***** piety under Cheibriados
 14709 | D:9      | Noticed Erolcha
 14714 | D:9      | Killed Erolcha
 15107 | D:9      | Learned a level 4 spell: Leda's Liquefaction
 15140 | D:10     | Entered Level 10 of the Dungeon
 15294 | D:10     | Noticed a death yak
 15672 | D:11     | Found a gate leading to a gauntlet.
 15674 | D:11     | Noticed a two-headed ogre
 15680 | D:11     | Killed a two-headed ogre
 15683 | Gauntlet | Entered a Gauntlet
 15683 | Gauntlet | Noticed a large abomination
 15683 | Gauntlet | Noticed a hell beast
 15683 | Gauntlet | Found a transporter.
 15683 | Gauntlet | Found a transporter.
 15683 | Gauntlet | Found a transporter.
 15683 | Gauntlet | Found a transporter.
 15728 | Gauntlet | Found a transporter.
 15767 | Gauntlet | Found a transporter.
 15770 | Gauntlet | Noticed a sixfirhy
 15777 | Gauntlet | Found a transporter.
 15891 | Gauntlet | Found a transporter.
 15903 | Gauntlet | Found a transporter.
 15905 | Gauntlet | Noticed an oklob plant
 15917 | Gauntlet | Found a transporter.
 15920 | Gauntlet | Found a transporter.
 15937 | Gauntlet | Found a transporter.
 15941 | Gauntlet | Found the dreamshard necklace {*Dream Drain}
 15998 | Gauntlet | Reached skill level 5 in Axes
 15998 | Gauntlet | Reached skill level 10 in Earth Magic
 15998 | Gauntlet | Reached XP level 12. HP: 83/83 MP: 25/25
 16722 | Gauntlet | Identified the +1 leather armour of Autotheism {rC++ Str-5}
 16993 | Gauntlet | Identified the +6 flail of Ignis's Vengeance {protect, rN+}
 16993 | Gauntlet | Noticed a minotaur
 17010 | Gauntlet | Killed a minotaur
 17426 | D:11     | Noticed a two-headed ogre
 17429 | D:11     | Killed a two-headed ogre
 17529 | D:11     | Gained mutation: A meltable icy envelope protects you from
                  | harm. (AC +0) [demonic ancestry]
 17529 | D:11     | Reached XP level 13. HP: 88/88 MP: 19/26
 17784 | D:10     | Found a portal to a secret trove of treasure.
 17907 | D:10     | Reached skill level 10 in Spellcasting
 18020 | D:10     | Reached skill level 1 in Maces & Flails
 18160 | D:10     | Found a staircase to the Lair.
 19050 | Lair:1   | Entered Level 1 of the Lair of Beasts
 19807 | Lair:1   | Reached ****** piety under Cheibriados
 20110 | Lair:1   | Found a runed translucent door.
 20111 | Lair:1   | Noticed Villanelle's ghost (journeyman DrFE)
 20509 | Lair:1   | Killed Villanelle's ghost
 20827 | Lair:2   | Reached skill level 5 in Dodging
 22114 | Lair:3   | Reached skill level 5 in Maces & Flails
 22115 | Lair:3   | Found a staircase to the Snake Pit.
 22278 | Lair:3   | Found a runed translucent door.
 22552 | Lair:3   | Found a staircase to the Swamp.
 22644 | Lair:3   | Gained mutation: Spells you cast may paralyse nearby
                  | enemies. [demonic ancestry]
 22644 | Lair:3   | Reached XP level 14. HP: 92/96 MP: 18/28
 23459 | Lair:3   | Reached skill level 5 in Fighting
 24389 | Lair:4   | Reached skill level 10 in Conjurations
 24517 | Lair:4   | Found a hide-covered altar of Uskayaw.
 24519 | Lair:4   | Found an ornate altar of the Wu Jian Council.
 25314 | Lair:4   | Reached skill level 5 in Shields
 25918 | Lair:4   | Learned a level 5 spell: Fireball
 25918 | Lair:4   | Identified 2 scrolls of acquirement
 25919 | Lair:4   | Acquired the +1 plate armour of Beogh {Drain rPois Slay+6
                  | Stlth+}
 25934 | Lair:4   | Acquired the ring of Powap {rElec rN++ rCorr AC+4 Int-4}
 25972 | Lair:5   | Entered Level 5 of the Lair of Beasts
 26343 | Lair:5   | Found a hazy altar of Hepliaklqana.
 26459 | Lair:5   | Found a staircase to the Slime Pits.
 27223 | Lair:5   | Gained mutation: You have a pair of antennae on your head.
                  | [demonic ancestry]
 27223 | Lair:5   | Reached XP level 15. HP: 87/105 MP: 16/30
 27528 | Lair:5   | Identified the +5 trident of Crusades {freeze, rN++}
 28390 | D:12     | Found a runed translucent door.
 28390 | D:12     | Found a runed translucent door.
 28396 | D:12     | Reached skill level 5 in Armour
 28464 | D:12     | Reached skill level 1 in Throwing
 29297 | D:12     | Found a staircase to the Orcish Mines.
 29298 | D:12     | Found Ramat's Weapon Emporium.
 29301 | D:12     | Found Ximoi's Armour Emporium.
 29497 | D:12     | Bought the +6 long sword of the Heavens {vorpal, rElec
                  | Int+5 Dex+7} for 1190 gold pieces
 29875 | Orc:1    | Entered Level 1 of the Orcish Mines
 30204 | Orc:1    | Noticed an orc warlord
 30221 | Orc:1    | Killed an orc warlord
 30222 | Orc:1    | Reached skill level 1 in Long Blades
 30592 | Orc:1    | Found Ynesass's Overcharged Wands.
 30853 | Orc:2    | Entered Level 2 of the Orcish Mines
 30853 | Orc:2    | Found a staircase to the Elven Halls.
 30859 | Orc:2    | Found Weghul's Magic Scroll Boutique.
 30892 | Orc:2    | Found a frozen archway.
 30927 | IceCv    | Entered an ice cave
 31552 | IceCv    | Identified the amulet of Wasy {+Inv Will- Regen+ MP+9}
 31825 | Orc:2    | Paralysed by an orc sorcerer for 2 turns
 32058 | Orc:2    | Found Botwoipuji's Weapon Boutique.
 32058 | Orc:2    | Found Vihic's Magic Scroll Shop.
 32061 | Orc:2    | Found Nutzes's General Store.
 32063 | Orc:2    | Found Rofrog's General Store.
 32067 | Orc:2    | Bought a scroll of blinking for 112 gold pieces
 32067 | Orc:2    | Bought a scroll of fear for 60 gold pieces
 32067 | Orc:2    | Bought a scroll of teleportation for 45 gold pieces
 32307 | Orc:2    | Bought a scroll of teleportation for 48 gold pieces
 32307 | Orc:2    | Bought 3 scrolls of blinking for 360 gold pieces
 32307 | Orc:2    | Bought a scroll of teleportation for 48 gold pieces
 32704 | D:13     | Found a gate to the Vaults.
 33700 | D:14     | HP: 3/106 [green ugly thing (3)]
 33841 | D:14     | Gained mutation: Spells you cast and wands you use may
                  | paralyse nearby enemies. [demonic ancestry]
 33841 | D:14     | Reached XP level 16. HP: 92/113 MP: 20/32
 34487 | D:14     | You fall into a shaft and drop 1 floor!
 34487 | D:15     | Entered Level 15 of the Dungeon
 34496 | D:15     | Noticed Jorgrun
 34534 | D:15     | Found a flickering gateway to a bazaar.
 34540 | Bazaar   | Entered a bazaar
 34540 | Bazaar   | Found Tovaa's General Store.
 34547 | Bazaar   | Bought a scroll of teleportation for 51 gold pieces
 34550 | Bazaar   | Found Hionat's Antique Armour Emporium.
 34561 | Bazaar   | Found Detiun's Magic Scroll Boutique.
 34569 | Bazaar   | Bought a scroll of teleportation for 30 gold pieces
 34569 | Bazaar   | Bought a scroll of teleportation for 30 gold pieces
 34569 | Bazaar   | Found Woiniop's Jewellery Boutique.
 34580 | Bazaar   | Found Kohashim's Antique Weapon Emporium.
 34648 | D:15     | Noticed Agnes
 34654 | D:15     | Killed Agnes
 34802 | D:15     | Noticed Roxanne
 34823 | D:15     | Killed Roxanne
 34898 | D:15     | Learned a level 2 spell: Passwall
 34902 | D:15     | Found a staircase to the Depths.
 35131 | D:15     | Killed Jorgrun
 35409 | D:15     | Found a transporter.
 35413 | D:15     | Noticed Whoops's ghost (journeyman FoFi)
 35418 | D:15     | Found a transporter.
 35550 | D:15     | Found a runed translucent door.
 35719 | D:15     | Reached skill level 5 in Long Blades
 35839 | D:15     | Paralysed by an ogre mage for 3 turns
 35847 | D:15     | Paralysed by something for 2 turns
 36382 | Elf:1    | Entered Level 1 of the Elven Halls
 37302 | Abyss:3  | Cast into level 3 of the Abyss (a deep elf demonologist)
 37606 | Elf:1    | Escaped the Abyss
 37856 | Elf:1    | Found Faugien's Antique Armour Boutique.
 38717 | Elf:2    | Noticed an Executioner
 38720 | Abyss:3  | Noticed a kraken
 38720 | Abyss:3  | Cast into level 3 of the Abyss (a deep elf demonologist)
 38734 | Abyss:3  | Noticed a bone dragon
 38765 | Abyss:3  | Noticed a bone dragon
 38904 | Abyss:3  | Noticed a tentacled monstrosity
 38914 | Abyss:3  | Killed a tentacled monstrosity
 38945 | Abyss:3  | Noticed a tentacled starspawn
 38958 | Abyss:3  | Killed a tentacled starspawn
 38999 | Abyss:3  | Noticed a tentacled starspawn
 39014 | Abyss:3  | Killed a tentacled starspawn
 39015 | Abyss:3  | Reached skill level 10 in Stealth
 39015 | Abyss:3  | Gained mutation: Your hexes are more powerful. [demonic
                  | ancestry]
 39015 | Abyss:3  | Reached XP level 17. HP: 120/120 MP: 4/33
 39256 | Elf:2    | Escaped the Abyss
 39997 | Orc:2    | Bought a manual of Dodging for 960 gold pieces
 40223 | Snake:1  | Entered Level 1 of the Snake Pit
 40464 | Snake:1  | Identified the +11 falchion "Ceasch" {flame, *Rage Int+5}
 41500 | Snake:1  | Noticed a tentacled monstrosity
 41509 | Snake:1  | Killed a tentacled monstrosity
 42008 | Snake:1  | Learned a level 5 spell: Lightning Bolt
 42086 | Snake:2  | Noticed Louise
 42093 | Snake:2  | Noticed Vashnia
 42095 | Snake:2  | HP: 2/120 [Vashnia/arrow (20)]
 42095 | Snake:2  | Shot with an arrow by Vashnia

Illustrated notes

Levels and vault maps discovered:
D:1:      kilobyte_arrival_exit_the_forest, layout_basic, st_stairs_12,
          chequers_serial_rivers_large_a, minmay_pentomino_v4
D:2:      layout_loops_cross, serial_shops, shop
D:3:      minmay_inner_zag, layout_basic, shapermc_ecumenical_altar_hornbeckon,
          uniq_ijyb, uniq_sigmund
D:4:      layout_basic, minmay_temple_entry_grid, moated_statue, minmay_cut_off,
          uniq_duvessa
D:5:      layout_gridville, nicolae_hepliaklqana_hazy_memory,
          nicolae_overflow_crystal_walls, portal_sewer_entry_b,
          serial_bayou_lagoon_b
D:6:      layout_cave_pools, uniq_edmund, uniq_maggie, uniq_grinder, uniq_pikel
D:7:      layout_rooms, mainiacjoe_overflow_swirl, serial_undead,
          serial_undead_b, serial_undead_c, serial_undead_b, serial_undead_c,
          nicolae_shop_gadgets, uniq_prince_ribbit1
D:8:      layout_basic, serial_rivers, chequers_serial_rivers_micro_b,
          chequers_serial_rivers_small_a, chequers_serial_rivers_room_b,
          chequers_serial_rivers_micro_a, kennysheep_nub, uniq_joseph,
          uniq_maurice
D:9:      layout_rooms, enter_bailey_2, uniq_erica, uniq_erolcha
D:10:     argonaut_augean_stables, layout_loops_ring, dpeg_lair_monsters,
          enter_trove_2
D:11:     layout_roguey, gauntlet_entry_generic
D:12:     minmay_the_grid_triangle_9x9_recursive_3_mashed
          [minmay_the_grid_triangle_9x9_thin_v,
          minmay_the_grid_triangle_9x9_stretched_checkered,
          minmay_the_grid_triangle_9x9_negative_grid,
          minmay_the_grid_triangle_9x9_prize_schism,
          minmay_the_grid_triangle_9x9_tough_junction,
          minmay_the_grid_triangle_9x9_steps,
          minmay_the_grid_triangle_9x9_longest,
          minmay_the_grid_triangle_9x9_descending_squares,
          minmay_the_grid_triangle_9x9_corrupted_corridor], layout_basic,
          orc_david_3
D:13:     layout_basic, erik_vaults_2, minivault_24, kennysheep_minor_cross
D:14:     layout_long_grid, minmay_tree_intersection
D:15:     grunt_enter_depths_giant_problem, layout_loops_cross, serial_shops,
          bzr_in_the_mist, gammafunk_ghost_arena, minmay_statues_item,
          lightli_airlock, uniq_roxanne, uniq_jorgrun, uniq_agnes
Temple:   mainiacjoe_temple_bowtie_tessellation
Lair:1:   layout_loops_ring, ebering_ghost_inner_flame,
          infiniplex_staircase_pool, serial_bayou_shore_a, grunt_megastairs_5
Lair:2:   layout_cave_pods
Lair:3:   gammafunk_mikee_crab_dinner, layout_gridlike, swamp_mist,
          minmay_snake_entry_guardpost_small, nicolae_lair_run_with_the_wolves
Lair:4:   layout_roguey, nzn_masters_of_martial_movement, grunt_megastairs_1
Lair:5:   gammafunk_lair_ancient_temple, layout_small_grid, slime_entry_1,
          basic_altar, chequers_serial_rivers_micro_d
Snake:1:  onia_ninara_swampy_vault, layout_grid_shapes
Snake:2:  layout_rooms, serial_shops, nicolae_shop_hallway_plus,
          nicolae_diamond_shop, nicolae_shop_behind_doors, uniq_vashnia,
          uniq_louise
Orc:1:    layout_caves, nicolae_shop_overcharged_wands
Orc:2:    st_orc_mages, layout_caves, portal_ice_cave_entry_imps, serial_shops,
          shop_scrolls, nicolae_orc_pool_cavern
Elf:1:    eino_elf_arrival_the_gate, layout_loops_corners, serial_shops,
          nicolae_shop_behind_doors, hangedman_corner_corridor
Elf:2:    nicolae_elf_blades_splatter_lattice [nicolae_blade_entry_antechamber],
          layout_geoelf_diagonals

Skill      XL: |  1  2  3  4  5  6  7  8  9 10 11 12 13 14 15 16 17 |
---------------+----------------------------------------------------+-----
Earth Magic    | 3 4 5 7 9 10 11 12 13 | 13.1
Stealth        | 2 3 4 5 6 7 8 9 10 | 10.2
Spellcasting   | 3 4 5 6 7 8 9 10 11 12 13 | 13.2
Dodging        | 2 3 4 5 6 |  6.2
Conjurations   | 1 2 3 5 6 8 9 10 11 12 | 12.4
Short Blades   | 1 |  1.3
Fighting       | 1 2 3 4 5 6 7 |  7.4
Axes           | 1 3 5 |  5.5
Shields        | 2 3 4 5 7 8 9 |  9.1
Transmutations | 1 |  1.1
Armour         | 2 3 4 6 7 8 |  8.0
Maces & Flails | 5 6 7 |  7.6
Throwing       | 1 |  1.1
Long Blades    | 3 5 6 |  6.7
Air Magic      | |  0.3
Poison Magic   | |  0.1
Evocations     | |  0.6

Action                   |  1- 3 |  4- 6 |  7- 9 | 10-12 | 13-15 | 16-18 || total
-------------------------+-------+-------+-------+-------+-------+-------++-------
Melee: Club              |    15 |     6 |       |       |       |       ||    21
       Dagger            |       |       |    50 |       |       |       ||    50
       War axe           |       |       |    26 |    84 |       |       ||   110
       Flail             |       |       |       |     1 |   561 |       ||   562
       Punch             |       |       |       |       |     7 |       ||     7
       Long sword        |       |       |       |       |   331 |   310 ||   641
Throw: Throwing net      |       |     2 |       |     1 |     2 |     1 ||     6
       Dart              |       |       |     1 |     6 |       |     2 ||     9
       Javelin           |       |       |       |       |     8 |     3 ||    11
 Cast: Sandblast         |    59 |    57 |    19 |     2 |     3 |       ||   140
       Stone Arrow       |       |    11 |   128 |   175 |   582 |   409 ||  1305
       Mephitic Cloud    |       |       |     3 |     3 |       |     2 ||     8
       Petrify           |       |       |     1 |     5 |       |       ||     6
Evoke: Wand              |       |       |     3 |     3 |     9 |     1 ||    16
       Box of beasts     |       |       |       |       |     1 |       ||     1
  Use: Potion            |     1 |     1 |     1 |     8 |    16 |     9 ||    36
       Scroll            |       |     4 |     7 |    22 |    19 |     9 ||    61
 Stab: Sleeping          |     1 |     1 |     3 |       |     6 |     7 ||    18
       Petrified         |       |       |     6 |     9 |     1 |       ||    16
       Paralysed         |       |       |       |     7 |    83 |    26 ||   116
       Distracted        |       |       |       |       |     2 |     1 ||     3
       Invisible         |       |       |       |       |     2 |       ||     2
Armor: Robe              |    10 |    11 |    26 |       |       |       ||    47
       Steam dragon scal |       |       |    30 |    36 |       |       ||    66
       Troll leather arm |       |       |       |    14 |   190 |       ||   204
       Plate armour      |       |       |       |       |   498 |   254 ||   752
Dodge: Dodged            |    31 |    27 |    93 |   113 |   623 |   192 ||  1079
Block: Other             |       |       |    17 |    28 |    24 |       ||    69
       Kite shield       |       |       |       |       |  1049 |   547 ||  1596
